 Dungeon Crawl Stone Soup version 0.32-a0-576-g706899e69d (webtiles) character file.

Game seed: 4004974767964447917

109984 demibob the Executioner (level 16, -10/228 HPs)
             Began as a Mountain Dwarf Berserker on Mar 2, 2024.
             Was a High Priest of Trog.
             Shot with an arrow by a naga sharpshooter (19 damage)
             ... on level 3 of the Snake Pit.
             The game lasted 00:45:40 (22633 turns).

demibob the Executioner (Mountain Dwarf Berserker) Turns: 22633, Time: 00:45:40

Health: -10/228    AC: 26    Str: 25    XL:     16   Next: 6%
Magic:  16/16      EV:  8    Int: 12    God:    Trog [*****.]
Gold:   499        SH:  0    Dex: 11    Spells: 15/15 levels left

rFire   + . .        z - +9 executioner's axe (flame)
rCold   + + +        (shield currently unavailable)
rNeg    . . .        V - +5 plate armour {rC+}
rPois   +            (no helmet)
rElec   +            y - +0 cloak of the Hippogriff {rC++}
rCorr   .            (no gloves)
SInv    .            p - +0 pair of boots
Will    +++..        i - amulet of regeneration Stlth
                     a - ring "Ginon" {rElec rF+ rC+ Int+3}
HPRegen 2.38/turn    P - ring of poison resistance
MPRegen 0.15/turn

%: no passive effects
@: berserking, strong-willed, regenerating, studying Axes, very quick
A: runic magic, artefact enchanting
a: Renounce Religion, Berserk, Trog's Hand, Brothers in Arms


You were on level 3 of the Snake Pit.
You worshipped Trog.
Trog was extremely pleased with you.
You visited 5 branches of the dungeon, and saw 26 of its levels.
You also visited: Gauntlet.

You collected 1787 gold pieces.
You spent 1288 gold pieces at shops.


Innate Abilities, Weirdness & Mutations

Your spellcasting is much less encumbered by armour.
You can use scrolls of enchantment on lesser artefacts.


   Skills:
 + Level 16.5 Fighting
 - Level 24.0 Axes
 + Level 16.9 Armour
 - Level 1.3 Dodging
 - Level 6.6 Evocations


You had 15 spell levels left.
You didn't know any spells.
Your spell library was empty.

Inventory:

Hand Weapons
 z - a +9 executioner's axe of flaming (weapon)
 J - the +8 demon blade "Leech" {evervamp, Harm ^Drain rN+}
   (You found it on level 1 of the Lair of Beasts)

   rN+:       It protects you from negative energy.
   ^Drain:    It drains your maximum health when unequipped.
   Harm:      It increases damage dealt and taken.
Missiles
 O - 6 curare-tipped darts {=f}
 R - a throwing net {=f}
Armour
 p - a +0 pair of boots (worn)
 y - the +0 cloak of the Hippogriff (worn) {rC++}
   (You found it in a Gauntlet)

   rC++:      It greatly protects you from cold.
 V - a +5 plate armour of cold resistance (worn)
Jewellery
 a - the ring "Ginon" (left hand) {rElec rF+ rC+ Int+3}
   (You bought it in a shop on level 5 of the Dungeon)

   [ring of protection from fire]

   Int+3:     It affects your intelligence (+3).
   rF+:       It protects you from fire.
   rC+:       It protects you from cold.
   rElec:     It insulates you from electricity.
 c - a ring of protection from cold
 i - an amulet of regeneration (around neck)
 t - an amulet of magic regeneration
 v - a ring of see invisible
 C - a ring of ice
 F - a ring of protection from fire
 L - a ring of flight
 M - a ring of magical power
 P - a ring of poison resistance (right hand)
 Y - a +4 ring of slaying
Wands
 d - a wand of flame (37)
 h - a wand of roots (19)
 o - a wand of mindburst (19)
 q - a wand of polymorph (31)
 r - a wand of digging (6)
 x - a wand of light (13)
 E - a wand of charming (25)
Scrolls
 f - 3 scrolls of enchant weapon
 g - a scroll of summoning
 j - 9 scrolls of identify {@r1}
 k - 2 scrolls of blinking
 n - a scroll of poison
 s - a scroll of enchant armour
 w - a scroll of torment
 I - 2 scrolls of teleportation {@r2}
 K - 2 scrolls of vulnerability
 T - 4 scrolls of immolation
Potions
 b - a potion of resistance
 e - 2 potions of attraction
 l - a potion of might
 m - 2 potions of haste {@q3}
 u - 2 potions of ambrosia
 B - 5 potions of lignification
 H - 5 potions of enlightenment
 N - a potion of invisibility
 S - a potion of magic
Miscellaneous
 A - a phantom mirror

Dungeon Overview and Level Annotations

Branches:
Dungeon (15/15)            Temple (1/1) D:5            Lair (5/5) D:10
 Shoals (0/4) Lair:2        Snake (3/4) Lair:3        Slime (0/5) Lair:4
    Orc (2/2) D:12            Elf (0/3) Orc:2        Vaults (0/5) D:14
 Depths (0/4) D:15        Gauntlet (visited)

Altars:
Ashenzari
Cheibriados
Dithmenos
Elyvilon
Fedhas
Gozag
Hepliaklqana
Kikubaaqudgha
Makhleb
Nemelex Xobeh
Okawaru
Qazlal
Ru
Sif Muna
Trog
Uskayaw
Vehumet
Wu Jian
Xom
Yredelemnul
Zin
The Shining One
Jiyva

Shops:
D:2 *   D:5 =   D:8 *   D:10 (   D:14 :   Orc:2 !([:

Annotations:
D:7 1 runed translucent door, Crazy Yiuf
Temple 2 transporters
Lair:3 2 transporters

... ~≈≈≈≈≈≈≈~ ...#
...##♣~~~≈≈≈≈≈≈≈≈ . ..#
#.....~~~~≈≈≈≈≈~~ ..
#....♣~~~≈≈≈≈≈~~~ ...
#.....♣ ~~≈≈≈≈P~~ ..
###..... ♣♣~~≈≈~~~~
#.#.....# ♣~P~~~~♣~~
...#.N.)...# ♣~~~♣P~~~~
......)@...## ♣~~~~~~~~~
##....).....##♣♣~P~~♣P~~
#...###....#.♣~♣♣~~~~~~
#.. #.........♣~~~~♣♣ #.
##.##.....♣♣♣♣~## #
#.........♣♣...#
######.....[...#
#######.... #####


You could see a naga sharpshooter.


Message History

You feel yourself moving faster!
You feel mighty!
You feel sick. The black mamba closely misses you.
The black mamba bites you but does no damage.
The naga sharpshooter mumbles some strange words.
The naga sharpshooter magically shoots an arrow.
The arrow hits you but does no damage.
You closely miss the naga sharpshooter.
The naga sharpshooter is heavily wounded.
You closely miss the black mamba. The black mamba barely misses you.
Unknown command.
You barely miss the naga sharpshooter.
The naga sharpshooter is heavily wounded.
You slice the black mamba!! You burn the black mamba.
You kill the black mamba!
Trog accepts your kill.
You feel sick.
The naga sharpshooter shoots an arrow.
The arrow hits you!
* * * LOW HITPOINT WARNING * * *
The naga sharpshooter casts a spell.
You slice the naga sharpshooter!! You burn the naga sharpshooter!
The naga sharpshooter is almost dead.
You slice the naga sharpshooter!! You burn the naga sharpshooter.
You kill the naga sharpshooter!
Trog accepts your kill.
Trog appreciates your killing of a magic user.
You feel sick.
You are no longer poisoned.
The naga sharpshooter gestures wildly while chanting.
The naga sharpshooter magically shoots an arrow.
The arrow hits you!!
You die...

Skill      XL: |  1  2  3  4  5  6  7  8  9 10 11 12 13 14 15 |
---------------+----------------------------------------------+-----
Axes           | 4 5 6 7 8 10 14 17 20 23 24 | 24.0
Armour         | 4 5 6 7 8 11 14 15 16 | 16.9
Fighting       | 4 6 7 11 13 14 16 | 16.5
Evocations     | 6 |  6.6
Dodging        | |  1.3

Action                     |  1- 3 |  4- 6 |  7- 9 | 10-12 | 13-15 | 16-18 || total
---------------------------+-------+-------+-------+-------+-------+-------++-------
  Melee: Hand axe          |   127 |   193 |    32 |       |       |       ||   352
         War axe           |       |       |   143 |       |       |       ||   143
         Battleaxe         |       |       |    88 |   265 |       |       ||   353
         Broad axe         |       |       |       |   180 |   343 |       ||   523
         Unarmed           |       |       |       |     1 |     5 |       ||     6
         Executioner's axe |       |       |       |       |   531 |    27 ||   558
 Invoke: Berserk           |       |     2 |     2 |     4 |     5 |     1 ||    14
         Brothers in Arms  |       |       |       |     1 |     4 |       ||     5
         Trog's Hand       |       |       |       |     1 |     2 |     1 ||     4
  Evoke: Wand              |       |       |     1 |     2 |    15 |     2 ||    20
    Use: Potion            |     1 |     1 |       |     1 |    17 |       ||    20
         Scroll            |       |     5 |    11 |     8 |    25 |       ||    49
   Stab: Sleeping          |       |       |     5 |     4 |     8 |       ||    17
         Distracted        |       |       |       |     1 |     2 |       ||     3
         Invisible         |       |       |       |       |     9 |       ||     9
 Armour: Animal skin       |    67 |       |       |       |       |       ||    67
         Ring mail         |       |   128 |   207 |   336 |   222 |       ||   893
         Skin              |       |       |       |     2 |    14 |       ||    16
         Plate armour      |       |       |       |       |   730 |    30 ||   760
  Dodge: Dodged            |    88 |    95 |   132 |   202 |   317 |    12 ||   846

Levels and vault maps discovered:
D:1:      dpeg_arrival_arbitrary_c, layout_basic
D:2:      layout_basic, serial_shops, shop, grunt_ministairs_11
D:3:      layout_loops_cross, uniq_ijyb, uniq_natasha, uniq_grinder
D:4:      layout_gridville
D:5:      layout_loops_ring, mainiacjoe_overflow_cross_hatched,
          cheibrodos_ashenzari_chains, minmay_temple_entry_butterflies,
          serial_shops, nicolae_lakefront_shop
D:6:      layout_basic, kennysheep_generic_room_12, uniq_jeremiah
D:7:      layout_loops_cross, uniq_crazy_yiuf_cottage
D:8:      minmay_ornate_pinched, layout_basic, nicolae_blasting_shop,
          hangedman_decor_opposing
D:9:      layout_loops_cross, amethyst_overflow_temple_binary,
          kennysheep_kite_vault
D:10:     layout_basic, nicolae_qazlal_scattered_showers, david_lair_generic,
          doesnt_shop_hydraphobe, uniq_maurice
D:11:     layout_roguey, nzn_sisyphean_effort, uniq_nergalle
D:12:     layout_rooms, david_orc_2, hex_medium
D:13:     cheibrodos_quadrivalence, layout_basic
D:14:     layout_grid_maze, lightli_vaults_fourway_checkpoint, serial_glass,
          glass_columns_b, glass_columns_b, item_on_display_a,
          minmay_strange_pillars, item_on_display_a, serial_shops,
          nicolae_book_shop_shelving
D:15:     gammafunk_depths_entry_grave, layout_basic, serial_shops,
          nicolae_shop_drivethru, drop_trap, nicolae_ru_path_of_blood,
          uniq_rupert, uniq_louise
Temple:   hellmonk_temple_divided_pantheon
Lair:1:   layout_gridlike, grunt_forest_small_clearings,
          dreamdust_deal_with_the_devil
Lair:2:   layout_loops_ring, minmay_shoals_entry_beasts, serial_bayou_shore_a,
          grunt_megastairs_5, lemuel_fruit_fields
Lair:3:   layout_roguey, dummy_snake_entry, nzn_ghost_randoct, uniq_snorg,
          uniq_sonja
Lair:4:   layout_loops_ring, dpeg_slime_entry_corner, lemuel_centaur_altar,
          uniq_kirke
Lair:5:   grunt_lair_end_beastmaster, layout_regular_city
Snake:1:  layout_chambers, grunt_megastairs_4
Snake:2:  minmay_snake_river, layout_cave_shapes
Snake:3:  layout_misc_corridors, serial_bayou_lake_a, nicolae_triple_integral
Orc:1:    layout_diamond_mine, serial_shops, nicolae_shop_peninsula
Orc:2:    st_orc_pillars, layout_caves, gauntlet_entry_generic

Notes
Turn   | Place    | Note
-------+----------+-------------------------------------------
     0 | D:1      | demibob the Mountain Dwarf Berserker began the quest for
                  | the Orb.
     0 | D:1      | Reached XP level 1. HP: 19/19 MP: 1/1
    72 | D:1      | Reached skill level 4 in Axes
   128 | D:1      | Reached XP level 2. HP: 16/26 MP: 2/2
   751 | D:1      | Reached skill level 5 in Axes
   820 | D:2      | Reached XP level 3. HP: 13/31 MP: 3/3
  1227 | D:2      | Identified the +5 ring mail of Fortification {rF+ Dex+3
                  | Stlth+}
  1289 | D:2      | Found Wuak Raa's General Store.
  1323 | D:2      | Bought a scroll of identify for 20 gold pieces
  1323 | D:2      | Bought a scroll of identify for 20 gold pieces
  1615 | D:2      | Reached ** piety under Trog
  1616 | D:2      | Reached skill level 6 in Axes
  1616 | D:2      | Reached XP level 4. HP: 31/38 MP: 4/4
  2183 | D:3      | Noticed Natasha
  2196 | D:3      | Killed Natasha
  2267 | D:3      | Noticed Grinder
  2279 | D:3      | Killed Grinder
  2280 | D:3      | Reached skill level 7 in Axes
  2280 | D:3      | Reached skill level 4 in Armour
  2280 | D:3      | Reached XP level 5. HP: 45/45 MP: 5/5
  2280 | D:3      | Reached XP level 6. HP: 51/51 MP: 6/6
  2320 | D:3      | Noticed Natasha
  2330 | D:3      | Killed Natasha
  2415 | D:3      | Noticed Ijyb
  2434 | D:3      | Killed Ijyb
  2529 | D:3      | Noticed Natasha
  2547 | D:3      | Killed Natasha
  3031 | D:4      | Reached skill level 5 in Armour
  3169 | D:4      | Reached skill level 8 in Axes
  3584 | D:4      | Reached XP level 7. HP: 56/57 MP: 7/7
  3731 | D:5      | Entered Level 5 of the Dungeon
  3890 | D:5      | Found Uteroqepp's Jewellery Emporium.
  3921 | D:5      | Found a staircase to the Ecumenical Temple.
  3937 | D:5      | Reached skill level 4 in Fighting
  4021 | D:5      | Found a glowing golden altar of the Shining One.
  4159 | D:5      | Reached skill level 6 in Armour
  4180 | D:5      | Found a broken altar of Ashenzari.
  4670 | D:6      | Reached XP level 8. HP: 43/67 MP: 8/8
  4720 | D:6      | Reached skill level 5 in Fighting
  4720 | D:6      | Reached skill level 9 in Axes
  4789 | D:6      | Reached *** piety under Trog
  5287 | D:6      | Reached skill level 7 in Armour
  5478 | D:6      | Noticed Jeremiah
  5483 | D:6      | Killed Jeremiah
  5484 | D:6      | Reached skill level 6 in Fighting
  5509 | D:6      | Reached skill level 10 in Axes
  5896 | D:7      | Reached XP level 9. HP: 78/78 MP: 9/9
  6116 | D:7      | Reached skill level 11 in Axes
  6234 | D:7      | Reached skill level 12 in Axes
  6469 | D:7      | Found a runed translucent door.
  6470 | D:7      | Noticed Crazy Yiuf
  6800 | D:8      | Reached **** piety under Trog
  6810 | D:8      | Reached skill level 13 in Axes
  6810 | D:8      | Noticed a cyclops
  6816 | D:8      | Noticed a purple ugly thing
  6821 | D:8      | Killed a cyclops
  6822 | D:8      | Noticed a two-headed ogre
  6824 | D:8      | Killed a purple ugly thing
  6825 | D:8      | Reached skill level 14 in Axes
  6825 | D:8      | Reached XP level 10. HP: 63/84 MP: 10/10
  6833 | D:8      | Killed a two-headed ogre
  6905 | D:8      | Reached skill level 15 in Axes
  7013 | D:8      | Found Mewex's Demolitions Depot.
  8196 | D:5      | Bought a ring of poison resistance for 300 gold pieces
  8339 | D:10     | Entered Level 10 of the Dungeon
  8360 | D:9      | Reached skill level 16 in Axes
  8397 | D:9      | Reached ***** piety under Trog
  8417 | D:9      | Noticed a two-headed ogre
  8428 | D:9      | Killed a two-headed ogre
  8429 | D:9      | Reached skill level 17 in Axes
  8539 | D:9      | Reached XP level 11. HP: 91/91 MP: 11/11
  8654 | D:9      | Reached skill level 18 in Axes
  8799 | D:9      | Found an opulent altar of Gozag.
  8812 | D:9      | Found a shadowy altar of Dithmenos.
  9331 | D:10     | Found a stormy altar of Qazlal.
  9369 | D:10     | Noticed Maurice
  9373 | D:10     | Reached skill level 19 in Axes
  9378 | D:10     | Maurice stole a ring of protection from cold
  9386 | D:10     | Killed Maurice
  9569 | D:10     | Found a staircase to the Lair.
  9636 | D:10     | Found Ysan's Hydra Hut.
  9637 | D:10     | Noticed a four-headed hydra
  9673 | D:10     | Bought a +0 battleaxe of flaming for 164 gold pieces
  9711 | D:10     | Identified the +8 broad axe "Qenyjix" {flame, Fly Stlth+}
                  | (Trog gifted it to you on level 10 of the Dungeon)
  9711 | D:10     | Received a gift from Trog
  9716 | D:10     | Reached skill level 20 in Axes
  9823 | D:10     | Reached skill level 8 in Armour
 10103 | Lair:1   | Entered Level 1 of the Lair of Beasts
 10107 | Lair:1   | Reached skill level 7 in Fighting
 10257 | Lair:1   | Reached XP level 12. HP: 76/100 MP: 12/12
 10419 | Lair:1   | Found the +8 demon blade "Leech" {evervamp, Harm ^Drain
                  | rN+}
 10703 | Lair:2   | Reached skill level 8 in Fighting
 10714 | Lair:2   | Reached skill level 9 in Armour
 10885 | Lair:2   | Reached skill level 9 in Fighting
 10963 | Lair:2   | Found a staircase to the Shoals.
 10963 | Lair:2   | Noticed a six-headed hydra
 10973 | Lair:2   | Killed a two-headed hydra
 10974 | Lair:2   | Reached skill level 10 in Armour
 11073 | Lair:2   | Reached skill level 10 in Fighting
 11214 | Lair:2   | Reached skill level 11 in Armour
 11221 | Lair:2   | Received a gift from Trog
 11640 | Lair:3   | Reached ****** piety under Trog
 11682 | Lair:3   | Reached skill level 11 in Fighting
 11716 | Lair:3   | Found a transporter.
 11735 | Lair:3   | Found a transporter.
 11743 | Lair:3   | Noticed a four-headed hydra
 11743 | Lair:3   | Noticed a death yak
 11753 | Lair:3   | Noticed Snorg
 11765 | Lair:3   | Killed Snorg
 11766 | Lair:3   | Reached XP level 13. HP: 116/116 MP: 13/13
 11857 | Lair:3   | Noticed Sonja
 11865 | Lair:3   | Reached skill level 12 in Armour
 11865 | Lair:3   | Killed Sonja
 11920 | Lair:3   | Found a staircase to the Snake Pit.
 12470 | Lair:3   | Identified a potion of resistance
 12521 | Lair:4   | Reached skill level 12 in Fighting
 12619 | Lair:4   | Found a viscous altar of Jiyva.
 12619 | Lair:4   | Found a staircase to the Slime Pits.
 12932 | Lair:4   | Reached skill level 13 in Armour
 13058 | Lair:4   | Noticed Kirke
 13250 | Lair:4   | Killed Kirke
 13429 | Lair:4   | Found a glowing silver altar of Zin.
 13685 | Lair:5   | Entered Level 5 of the Lair of Beasts
 13704 | Lair:5   | Reached skill level 13 in Fighting
 13853 | Lair:5   | Received a gift from Trog
 13891 | Lair:5   | Reached skill level 14 in Armour
 14092 | Lair:5   | Reached XP level 14. HP: 128/130 MP: 14/14
 14097 | Lair:5   | Reached skill level 14 in Fighting
 14438 | Temple   | Found a transporter.
 14438 | Temple   | Found a transporter.
 14438 | Temple   | Found a transporter.
 14438 | Temple   | Found a transporter.
 14438 | Temple   | Entered the Ecumenical Temple
 14658 | D:11     | Noticed Nergalle
 14667 | D:11     | Killed Nergalle
 14961 | D:11     | Reached skill level 15 in Armour
 15430 | D:12     | Identified the +8 long sword of Fate {speed, rElec Dex+3}
 15534 | D:12     | Found a staircase to the Orcish Mines.
 15543 | D:12     | Received a gift from Trog
 15897 | Orc:1    | Entered Level 1 of the Orcish Mines
 16144 | Orc:2    | Entered Level 2 of the Orcish Mines
 16169 | Orc:2    | Found a gate leading to a gauntlet.
 16189 | Gauntlet | Entered a Gauntlet
 16189 | Gauntlet | Found a transporter.
 16189 | Gauntlet | Found a transporter.
 16218 | Gauntlet | Found a transporter.
 16219 | Gauntlet | Found a transporter.
 16234 | Gauntlet | Found a transporter.
 16242 | Gauntlet | Found a transporter.
 16246 | Gauntlet | Found a transporter.
 16252 | Gauntlet | Noticed a quicksilver ooze
 16257 | Gauntlet | Found a transporter.
 16269 | Gauntlet | Noticed a quicksilver ooze
 16271 | Gauntlet | Found a transporter.
 16285 | Gauntlet | Found a transporter.
 16289 | Gauntlet | Found a transporter.
 16301 | Gauntlet | Found a transporter.
 16366 | Gauntlet | Identified the +0 cloak of the Hippogriff {rC++}
 16391 | Gauntlet | Identified the +4 halberd of Haumm {spect, rF+ rC+}
 16533 | Orc:2    | Paralysed by an orc sorcerer for 4 turns
 16590 | Orc:2    | Found a staircase to the Elven Halls.
 16679 | Orc:2    | Reached skill level 21 in Axes
 16711 | Orc:2    | Received a gift from Trog
 16787 | Orc:2    | Reached skill level 22 in Axes
 17147 | Orc:2    | Found Eliddo's Book Boutique.
 17150 | Orc:2    | Found Teasiot's Antique Weapon Boutique.
 17151 | Orc:2    | Found Ehedant's Distillery.
 17152 | Orc:2    | Found Buloply's Antique Armour Shop.
 17562 | D:5      | Bought the ring "Ginon" {rElec rF+ rC+ Int+3} for 784 gold
                  | pieces
 17902 | D:13     | Reached skill level 23 in Axes
 17944 | D:13     | Received a gift from Trog
 18610 | D:13     | Reached XP level 15. HP: 139/139 MP: 15/15
 18853 | D:14     | Found a gate to the Vaults.
 18859 | D:14     | Reached skill level 24 in Axes
 18877 | D:14     | Reached skill level 1 in Evocations
 18906 | D:14     | Reached skill level 15 in Fighting
 18906 | D:14     | Reached skill level 2 in Evocations
 19076 | D:14     | Found Ynayss's Book Boutique.
 19654 | D:15     | Entered Level 15 of the Dungeon
 19654 | D:15     | Found a staircase to the Depths.
 19887 | Snake:1  | Entered Level 1 of the Snake Pit
 19993 | Snake:1  | Reached skill level 3 in Evocations
 20244 | Snake:1  | Reached skill level 4 in Evocations
 20972 | Snake:1  | Reached skill level 16 in Armour
 21441 | Snake:2  | Reached skill level 5 in Evocations
 21449 | Snake:2  | Received a gift from Trog
 21756 | Snake:2  | Reached skill level 6 in Evocations
 21813 | Snake:2  | Reached skill level 16 in Fighting
 21985 | Snake:2  | You fall into a shaft and drop 1 floor!
 22006 | Snake:3  | HP: 9/144 [naga sharpshooter/bolt (15)]
 22333 | Snake:3  | Reached XP level 16. HP: 58/152 MP: 16/16
 22627 | Snake:3  | HP: 8/152 [naga sharpshooter/bolt (18)]
 22633 | Snake:3  | HP: 9/228 [poisoned by a naga sharpshooter (splash of
                  | poison)]
 22633 | Snake:3  | Shot with an arrow by a naga sharpshooter

Vanquished Creatures
  Kirke (Lair:4)
  A minotaur (Gauntlet)
  Snorg (Lair:3)
  3 vault guards (D:14)
  5 hydras
  4 centaur warriors
  6 anacondas
  3 two-headed ogres
  4 boulder beetles
  2 death yaks (Lair:5)
  A deep troll shaman (Lair:5)
  5 naga sharpshooters
  5 orc high priests (Orc:2)
  3 shock serpents
  Nergalle (D:11)
  10 naga warriors
  A fire crab (Gauntlet)
  A skeletal warrior (D:14)
  A skyshark (Lair:2)
  10 sea snakes
  6 orc knights
  3 mana vipers
  A naga ritualist (Snake:1)
  A deep elf pyromancer (D:13)
  2 orc sorcerers (Orc:2)
  2 ugly things
  5 cyclopes
  4 manticores
  8 salamanders
  11 black mambas
  A meliai (D:14)
  11 elephants
  A guardian serpent (Snake:3)
  8 cane toads
  6 naga magi
  8 komodo dragons
  An efreet (D:13)
  3 kobold demonologists (D:10)
  Jeremiah (D:6)
  5 rime drakes
  9 trolls
  A wind drake (shapeshifter) (D:14)
  2 hornets (D:9)
  5 polar bears
  A wind drake (Lair:2)
  17 blink frogs
  Grinder (D:3)
  5 slime creatures
  3 shadows
  A vampire (D:13)
  A wraith (D:13)
  4 fire bats (Gauntlet)
  6 basilisks
  69 yaks
  7 wyverns
  5 hogs
  9 vampire mosquitoes
  A redback simulacrum (D:12)
  10 nagas
  2 acid dragons
  4 water moccasins
  31 orc warriors
  3 black bears
  2 ice beasts
  4 ogres
  23 wolves
  3 sky beasts
  13 centaurs
  6 kobold brigands
  10 bullfrogs
  3 gnoll sergeants
  6 scorpions
  12 wights
  15 killer bees
  12 howler monkeys
  5 electric eels (Snake:3)
  A jelly (D:5)
  A bombardier beetle (D:6)
  2 hounds
  3 gnoll boudas
  24 orc priests
  Ijyb (D:3)
  2 iguanas (D:4)
  Natasha (thrice) (D:3)
  25 orc wizards
  11 adders
  17 gnolls
  2 shadow imps
  A white imp (D:6)
  A dart slug (D:4)
  6 ribbon worms
  83 orcs
  8 ball pythons
  6 bats
  9 endoplasms
  5 giant cockroaches
  7 goblins
  4 hobgoblins
  24 kobolds
  3 quokkas
  3 frilled lizards
  2 rats
  2 butterflies
723 creatures vanquished.

Vanquished Creatures (collateral kills)
  A vault guard (D:14)
  2 catoblepae
  2 death yaks (Lair:5)
  A naga warrior (Snake:2)
  Sonja (Lair:3)
  Maurice (D:10)
  A guardian serpent (Snake:2)
  A yak (Lair:3)
  2 nagas (Snake:2)
  A rat (D:3)
13 creatures vanquished.

Vanquished Creatures (others)
  An orc wizard (D:4)
  An orc (D:4)
2 creatures vanquished.

Grand Total: 738 creatures vanquished

Table legend: (Time is in decaauts)
 A = Elapsed time spent in this place.
 B = Non-inter-level travel time spent in this place.
 C = Inter-level travel time spent in this place.
 D = Time resting spent in this place.
 E = Time spent auto-exploring this place.
 F = Levels seen in this place.
 G = Mean time per level.
                   A        B        C        D        E       F      G
               +--------+--------+--------+--------+--------+-----+--------+
         Total |  22425 |  20297 |   2128 |   1344 |  15230 |  27 |  830.6 |
       Dungeon |  14164 |  12395 |   1769 |    630 |   9699 |  15 |  944.3 |
        Temple |      1 |      0 |      1 |      0 |      0 |   1 |    1.0 |
          Lair |   4134 |   3853 |    281 |    176 |   2899 |   5 |  826.8 |
     Snake Pit |   2704 |   2689 |     15 |    468 |   1780 |   3 |  901.3 |
  Orcish Mines |   1168 |   1108 |     60 |     68 |    704 |   2 |  584.0 |
      Gauntlet |    250 |    250 |      0 |      1 |    147 |   1 |  250.0 |
               +--------+--------+--------+--------+--------+-----+--------+

Top non-repeatable levels by time:
     D:8: 1452 daAuts
     D:6: 1434 daAuts
     D:2: 1247 daAuts
 Snake:1: 1241 daAuts
     D:9: 1194 daAuts
     D:7: 1107 daAuts
  Lair:4: 1046 daAuts
    D:13: 1024 daAuts
  Lair:2: 1012 daAuts
  Lair:3: 1006 daAuts
     D:5: 995 daAuts
    D:14: 945 daAuts
   Orc:2: 909 daAuts
    D:10: 883 daAuts
     D:4: 848 daAuts

Table legend:
 A = Non-vault XP
 B = Vault XP
 C = Vault XP percentage of total XP
 D = Non-vault monster count
 E = Vault monster count
 F = Vault count percentage of total count
                 A         B        C        D         E       F
            +---------+---------+-------+---------+---------+-------
      Total |  102625 |   55276 |  35.0 |     555 |     181 |  24.6
            +---------+---------+-------+---------+---------+-------
        D:1 |      37 |       0 |   0.0 |      21 |       0 |   0.0
        D:2 |      63 |       4 |   6.0 |      15 |       2 |  11.8
        D:3 |     131 |     338 |  72.1 |      19 |       3 |  13.6
        D:4 |     161 |       0 |   0.0 |      15 |       0 |   0.0
        D:5 |     585 |       0 |   0.0 |      15 |       0 |   0.0
        D:6 |     871 |     358 |  29.1 |      25 |       1 |   3.8
        D:7 |    1517 |       0 |   0.0 |      30 |       0 |   0.0
        D:8 |    1060 |    2885 |  73.1 |      24 |      13 |  35.1
        D:9 |    5777 |    2129 |  26.9 |      56 |      16 |  22.2
       D:10 |    2818 |    1479 |  34.4 |      22 |       5 |  18.5
       D:11 |    4726 |    1617 |  25.5 |      31 |       2 |   6.1
       D:12 |    4546 |     151 |   3.2 |      15 |       8 |  34.8
       D:13 |    7578 |       0 |   0.0 |      16 |       0 |   0.0
       D:14 |    2415 |    8064 |  77.0 |       8 |      11 |  57.9
     Lair:1 |    2713 |       0 |   0.0 |      16 |       0 |   0.0
     Lair:2 |    9159 |    2542 |  21.7 |      37 |       8 |  17.8
     Lair:3 |    8792 |    1894 |  17.7 |      41 |       3 |   6.8
     Lair:4 |    4527 |    2739 |  37.7 |      13 |       9 |  40.9
     Lair:5 |    7130 |    8309 |  53.8 |      20 |      16 |  44.4
    Snake:1 |   10382 |    3519 |  25.3 |      19 |       8 |  29.6
    Snake:2 |    9272 |    7068 |  43.3 |      19 |       9 |  32.1
    Snake:3 |   14025 |       0 |   0.0 |      27 |       0 |   0.0
      Orc:1 |    1444 |       0 |   0.0 |      19 |       0 |   0.0
      Orc:2 |    2896 |    9643 |  76.9 |      32 |      61 |  65.6
   Gauntlet |       0 |    2537 | 100.0 |       0 |       6 | 100.0
            +---------+---------+-------+---------+---------+-------
